 Dungeon Crawl Stone Soup version 0.29.1-15-g9cfb28693d (webtiles) character file.

Game seed: 2470116156251341717

22164 sweetbreads the Earth Mage (level 12, -5/68 HPs)
             Began as a Gargoyle Earth Elementalist on Mar 18, 2023.
             Was an Elder of Vehumet.
             Slain by a red draconian
             ... wielding a +1 broad axe of flaming
              (13 damage)
             ... in a volcano on Mar 19, 2023.
             The game lasted 01:18:47 (14752 turns).

sweetbreads the Earth Mage (GrEE)                  Turns: 14752, Time: 01:18:47

Health: -5/68      AC: 23    Str: 11    XL:     12   Next: 97%
Magic:  17/23      EV: 12    Int: 20    God:    Vehumet [****..]
Gold:   974        SH:  5    Dex:  8    Spells: 0/25 levels left

rFire   + . .      SeeInvis .   a - +1 flail (vorpal)
rCold   . . .      Faith    .   (no shield)
rNeg    + . .      Spirit   .   C - +0 leather armour {rF+}
rPois   ∞          Reflect  +   W - +1 hat {Will+}
rElec   +          Harm     .   d - +2 cloak
rCorr   .          Rampage  .   I - +1 pair of gloves
Will    +....                   B - +1 pair of boots
Stlth   ++........              Q - amulet of reflection
HPRegen 0.21/turn               l - +4 ring of protection
MPRegen 0.18/turn               t - ring of wizardry

@: hasted, very quick
A: sickness immunity, AC +8, negative energy resistance 1, electricity
resistance, torment resistance 1, petrification resistance, clumsy 1, weak 1
a: Renounce Religion


You were in a volcano.
You worshipped Vehumet.
Vehumet was greatly pleased with you.
You visited 3 branches of the dungeon, and saw 15 of its levels.
You also visited: Ossuary and Volcano.

You collected 974 gold pieces.

Inventory:

Hand Weapons
 a - a +1 vorpal flail (weapon)
 u - a +1 vorpal hand axe
 x - a +0 dire flail
 L - a +0 short sword of speed
 O - a +0 flail of protection
 T - a +1 short sword of venom
 V - a +2 trident of protection
Missiles
 e - 35 poisoned darts (quivered)
 H - 3 throwing nets
Armour
 d - a +2 cloak (worn)
 p - +1 steam dragon scales
 B - a +1 pair of boots (worn)
 C - a +0 leather armour of fire resistance (worn)
 F - the +4 ring mail of the Illusory Prophets {rN++ Will- rCorr}
   (You found it on level 4 of the Dungeon)

   rN:        It greatly protects you from negative energy.
   rCorr:     It protects you from acid and corrosion.
   Will:      It decreases your willpower.
 G - a +1 leather armour of willpower
 I - a +1 pair of gloves (worn)
 J - a +0 helmet
 K - a +0 troll leather armour
 W - a +1 hat of willpower (worn)
Jewellery
 k - an amulet of the acrobat
 l - a +4 ring of protection (left hand)
 s - a ring of flight
 t - a ring of wizardry (right hand)
 w - a +4 ring of evasion
 Q - an amulet of reflection (around neck)
 R - a +4 ring of evasion
 U - a ring of protection from cold
Wands
 v - a wand of mindburst (19)
 y - a wand of polymorph (7)
 D - a wand of flame (18)
 N - a wand of digging (15)
Scrolls
 c - 6 scrolls of teleportation
 o - 3 scrolls of magic mapping
 r - a scroll of amnesia
 A - 2 scrolls of fear
 S - a scroll of brand weapon
 X - a scroll of silence
Potions
 b - 3 potions of magic
 f - a potion of berserk rage
 g - a potion of ambrosia
 h - 3 potions of heal wounds
 i - 2 potions of haste
 j - 6 potions of might
 m - 9 potions of curing
 n - a potion of attraction {unknown}
 q - a potion of cancellation
 z - 2 potions of flight {unknown}
 E - 2 potions of brilliance
 M - 2 potions of mutation
 P - 3 potions of resistance


   Skills:
 * Level 5.1 Fighting
 - Level 4.0 Maces & Flails
 * Level 6.6 Dodging
 - Level 4.0 Stealth
 * Level 7.4 Spellcasting
 * Level 6.6 Conjurations
 - Level 4.0 Transmutations
 - Level 4.0 Fire Magic
 - Level 4.0 Ice Magic
 + Level 16.6 Earth Magic


You couldn't memorise any spells.
You knew the following spells:

 Your Spells              Type           Power      Damage    Failure   Level
a - Sandblast             Erth           100%       2d20      0%          1
b - Stone Arrow           Conj/Erth      100%       3d13      1%          3
c - Petrify               Tmut/Erth      48%        N/A       1%          4
d - Foxfire               Conj/Fire      100%       2x1d9     1%          1
e - Lehudib's Crystal Sp  Conj/Erth      26%        10d7      50%         8
f - Magic Dart            Conj           100%       1d8       1%          1
g - Hailstorm             Conj/Ice       28%        3d8       1%          4
h - Frozen Ramparts       Ice            46%        1d7       1%          3

Your spell library contained the following spells:

 Spells                   Type           Power      Damage    Failure   Level
 Mephitic Cloud           Conj/Pois/Air  16%        N/A       1%          3
 Passwall                 Tmut/Erth      40%        N/A       1%          2
 Apportation              Tloc           14%        N/A       4%          1
 Ice Form                 Ice/Tmut       23%        N/A       9%          4
 Summon Ice Beast         Ice/Summ       15%        N/A       21%         4
 Passage of Golubria      Tloc           7%         N/A       41%         4
 Alistair's Intoxication  Tmut/Pois      10%        N/A       47%         5
 Silence                  Hex/Air        3%         N/A       75%         5


Dungeon Overview and Level Annotations

Branches:
Dungeon (11/15)            Temple (1/1) D:6            Lair (3/5) D:11
  Swamp (0/4) Lair:3       Spider (0/4) Lair:2      Ossuary (visited)
Volcano (1/1)
    Orc: D:9-12

Altars:
Ashenzari
Cheibriados
Dithmenos
Elyvilon
Fedhas
Gozag
Hepliaklqana
Kikubaaqudgha
Makhleb
Nemelex Xobeh
Okawaru
Qazlal
Ru
Sif Muna
Trog
Uskayaw
Vehumet
Wu Jian
Xom
Yredelemnul
Zin
The Shining One

Shops:
D:4 =   D:8 (   D:11 :


Innate Abilities, Weirdness & Mutations

You are immune to sickness and miasma.
Your stone body is resilient. (AC +8)
You are immune to poison.
You resist negative energy. (rN+)
You are resistant to electric shocks. (rElec)
You are resistant to unholy torment.
You are immune to petrification.
You are clumsy. (Dex -2)
You are weak. (Str -2)


Message History

The red draconian breathes fire at you. The searing blast hits you! You resist.
Magic courses through your body.
You are engulfed in blazing flames.
You resist.
The red draconian is engulfed in blazing flames.
The red draconian hits you with a +1 broad axe of flaming!
The red draconian burns you.
Casting: Sandblast (safe; 0% risk of failure)
Confirm with . or Enter, or press ? or * to list all spells.
Aiming: Sandblast (safe; 0% risk of failure)
Press: ? - help, Shift-Dir - straight line, f/p - yaktaur
Aim: a yaktaur, wielding a +0 arbalest of flaming (lightly wounded, 97% to hit)
The blast of sand hits the red draconian.
The red draconian is moderately wounded.
You are engulfed in blazing flames.
You resist. The red draconian breathes fire at you. The searing blast hits you.
You resist.
Casting: Sandblast (safe; 0% risk of failure)
Confirm with . or Enter, or press ? or * to list all spells.
Aiming: Sandblast (safe; 0% risk of failure)
Press: ? - help, Shift-Dir - straight line, f/p - yaktaur
Aim: a yaktaur, wielding a +0 arbalest of flaming (lightly wounded, 97% to hit)
The blast of sand hits the red draconian!!
The red draconian is heavily wounded.
You are engulfed in blazing flames.
You resist.
* * * LOW HITPOINT WARNING * * *
The red draconian is engulfed in blazing flames.
The red draconian hits you but does no damage.
Unknown command.
Casting: Sandblast (safe; 0% risk of failure)
Confirm with . or Enter, or press ? or * to list all spells.
Aiming: Sandblast (safe; 0% risk of failure)
Press: ? - help, Shift-Dir - straight line, f/p - yaktaur
Aim: a yaktaur, wielding a +0 arbalest of flaming (lightly wounded, 97% to hit)
The blast of sand hits the red draconian but does no damage.
The red draconian is heavily wounded.
You are engulfed in blazing flames.
You resist.
* * * LOW HITPOINT WARNING * * *
The red draconian hits you with a +1 broad axe of flaming!
You die...

##.## . #.#
#'######## ####
#........##
##(..##########..#
#(.§.c#○#≈#≈#≈##.#
#c#○#≈#≈#≈##.#
#d#○#≈#≈#≈#..#
##@○○......#8#
#○#≈#≈#≈#≈###
#○#≈#≈#☼#≈#
#○#≈#≈#☼#≈#
###########


You could see a red draconian (resistant, catching breath), a centaur warrior
and a yaktaur.

Vanquished Creatures
  Gastronok (Lair:2)
  Harold (D:11)
  A two-headed ogre (D:9)
  Nergalle (D:11)
  An obsidian statue (Volcano)
  A black mamba (Lair:3)
  4 cane toads
  An unseen horror (D:11)
  3 kobold demonologists
  4 rime drakes
  A komodo dragon (Lair:1)
  A hornet (D:7)
  6 trolls
  15 blink frogs
  4 wyverns
  3 culicivoras (Lair:2)
  11 yaks
  2 wraiths
  5 fire bats (Volcano)
  2 steam dragons
  2 wargs
  4 basilisks
  Menkaure (D:6)
  4 vampire mosquitoes (D:11)
  2 acid dragons
  5 water moccasins
  5 orc warriors
  An ogre (D:7)
  2 sky beasts
  A black bear (D:5)
  5 wolves (Lair:2)
  8 centaurs
  3 kobold brigands
  An elf zombie (Ossuary)
  7 bullfrogs
  A gnoll sergeant (D:9)
  3 scorpions
  A necrophage (D:5)
  7 wights
  A howler monkey (D:8)
  6 lava snakes (Volcano)
  A human zombie (Ossuary)
  8 orc priests
  6 hounds
  2 jellies
  A gnoll bouda (D:7)
  4 iguanas
  9 orc wizards
  4 mummies (Ossuary)
  13 gnolls
  10 adders
  2 shadow imps (D:7)
  2 white imps
  3 ufetubi
  2 adder zombies (Ossuary)
  3 worms
  4 dart slugs
  40 orcs
  5 ball pythons
  3 bats
  10 endoplasms
  3 giant cockroaches
  5 goblins
  8 hobgoblins
  8 jackals
  5 quokkas
  2 frilled lizards (D:2)
  3 goblin zombies (Ossuary)
  2 hobgoblin zombies (Ossuary)
  2 jackal zombies (Ossuary)
  19 kobolds
  A kobold zombie (Ossuary)
  8 rats
336 creatures vanquished.

Vanquished Creatures (others)
  2 foxfires (Lair:1)
  6 fungi
  9 plants
17 creatures vanquished.

Grand Total: 353 creatures vanquished

Notes
Turn   | Place    | Note
-------+----------+-------------------------------------------
     0 | D:1      | sweetbreads the Gargoyle Earth Elementalist began the quest
                  | for the Orb.
     0 | D:1      | Reached XP level 1. HP: 10/10 MP: 3/3
   177 | D:1      | Found a faded altar of an unknown god.
   185 | D:1      | Reached skill level 1 in Transmutations
   185 | D:1      | Reached XP level 2. HP: 15/15 MP: 1/5
   237 | D:1      | Reached skill level 4 in Earth Magic
   770 | D:1      | Reached XP level 3. HP: 19/19 MP: 3/6
   774 | D:1      | Learned a level 3 spell: Stone Arrow
  1416 | D:2      | Reached skill level 5 in Earth Magic
  1416 | D:2      | Reached XP level 4. HP: 24/24 MP: 1/7
  1698 | D:2      | Found a bloodstained altar of Trog.
  1832 | D:2      | Reached XP level 5. HP: 28/28 MP: 6/8
  1850 | D:2      | Learned a level 4 spell: Petrify
  2186 | D:3      | Reached skill level 6 in Earth Magic
  2194 | D:3      | Reached XP level 6. HP: 32/32 MP: 3/9
  2195 | D:3      | Reached skill level 1 in Conjurations
  2489 | D:3      | Found a hide-covered altar of Uskayaw.
  2758 | D:3      | Found a sacrificial altar of Ru.
  2758 | D:3      | Found a stormy altar of Qazlal.
  3224 | D:4      | Found Gucisoone's Jewellery Shop.
  3366 | D:4      | Reached skill level 7 in Earth Magic
  3605 | D:4      | Identified the +4 ring mail of the Illusory Prophets {rN++
                  | Will- rCorr}
  3808 | D:5      | Entered Level 5 of the Dungeon
  3915 | D:5      | Reached XP level 7. HP: 36/36 MP: 5/10
  4484 | D:5      | Reached skill level 8 in Earth Magic
  4618 | D:5      | Reached skill level 9 in Earth Magic
  4618 | D:5      | Reached XP level 8. HP: 19/41 MP: 5/11
  5094 | D:6      | Noticed Menkaure
  5241 | D:6      | Reached skill level 1 in Fighting
  5379 | D:6      | Killed Menkaure
  5425 | D:6      | Reached skill level 10 in Earth Magic
  5829 | D:6      | Reached XP level 9. HP: 47/49 MP: 8/12
  5982 | D:6      | Found a staircase to the Ecumenical Temple.
  5991 | Temple   | Entered the Ecumenical Temple
  6201 | Temple   | Became a worshipper of Vehumet
  6530 | D:7      | Noticed a hornet
  6538 | D:7      | Killed a hornet
  6539 | D:7      | Reached skill level 11 in Earth Magic
  6836 | D:7      | Found a sand-covered staircase.
  6840 | Ossuary  | Entered an ossuary
  6845 | Ossuary  | Reached skill level 12 in Earth Magic
  6845 | Ossuary  | Reached * piety under Vehumet
  6845 | Ossuary  | Offered knowledge of Foxfire by Vehumet.
  7716 | D:8      | Reached skill level 1 in Maces & Flails
  7834 | D:8      | Reached XP level 10. HP: 56/56 MP: 13/13
  7840 | D:8      | Learned a level 1 spell: Foxfire
  7845 | D:8      | Learned a level 4 spell: Ice Form
  7861 | D:8      | Found a sparkling altar of Nemelex Xobeh.
  7881 | D:8      | Reached skill level 13 in Earth Magic
  7883 | D:8      | Found Hubboynoila's Weapon Emporium.
  8098 | D:8      | Found a white marble altar of Elyvilon.
  8098 | D:8      | Found a snail-covered altar of Cheibriados.
  8596 | D:9      | Reached skill level 1 in Fire Magic
  8596 | D:9      | Reached skill level 1 in Ice Magic
  8631 | D:9      | Found a glowing silver altar of Zin.
  8865 | D:9      | Noticed a two-headed ogre
  8873 | D:9      | Killed a two-headed ogre
  9116 | D:9      | Reached skill level 14 in Earth Magic
  9289 | D:9      | Found a broken altar of Ashenzari.
  9598 | D:9      | Noticed a kobold demonologist
  9601 | D:9      | Noticed a kobold demonologist
  9606 | D:9      | Killed a kobold demonologist
  9611 | D:9      | Killed a kobold demonologist
  9611 | D:9      | Reached ** piety under Vehumet
  9611 | D:9      | Offered knowledge of Magic Dart by Vehumet.
  9706 | D:10     | Entered Level 10 of the Dungeon
 10162 | D:10     | Reached XP level 11. HP: 61/61 MP: 8/14
 10320 | D:10     | Reached skill level 5 in Dodging
 10596 | D:11     | Learned a level 1 spell: Magic Dart
 10633 | D:11     | Offered knowledge of Inner Flame by Vehumet.
 10880 | D:10     | Reached skill level 15 in Earth Magic
 10991 | D:11     | Found Usaihell's Self-Improvement Boutique.
 11028 | D:11     | Reached *** piety under Vehumet
 11139 | D:11     | Noticed Nergalle
 11169 | D:11     | Noticed Harold
 11180 | D:11     | Killed Harold
 11361 | D:11     | Found a staircase to the Lair.
 11480 | D:11     | Killed Nergalle
 11481 | D:11     | Reached skill level 5 in Conjurations
 11574 | D:11     | Noticed a five-headed hydra
 11792 | Lair:1   | Entered Level 1 of the Lair of Beasts
 11803 | Lair:1   | Noticed a six-headed hydra
 12228 | Lair:1   | Reached XP level 12. HP: 66/66 MP: 15/18
 12549 | Lair:1   | Offered knowledge of Hailstorm by Vehumet.
 12555 | Lair:1   | Learned a level 4 spell: Hailstorm
 12761 | Lair:1   | Reached skill level 16 in Earth Magic
 12956 | Lair:2   | Reached skill level 5 in Spellcasting
 13490 | Lair:2   | Reached **** piety under Vehumet
 13517 | Lair:2   | Noticed Gastronok
 13534 | Lair:2   | Killed Gastronok
 13683 | Lair:2   | Offered knowledge of Mephitic Cloud by Vehumet.
 13943 | Lair:2   | Found a hole to the Spider Nest.
 14148 | Lair:2   | Noticed a five-headed hydra
 14412 | Lair:3   | Learned a level 8 spell: Lehudib's Crystal Spear
 14425 | Lair:3   | Found a dark tunnel.
 14430 | Volcano  | Entered a volcano
 14446 | Volcano  | Learned a level 3 spell: Frozen Ramparts
 14503 | Volcano  | Reached skill level 5 in Fighting
 14727 | Volcano  | Noticed a centaur warrior
 14728 | Volcano  | Gained mutation: You are clumsy. (Dex -2) [a neqoxec]
 14733 | Volcano  | Noticed a red draconian
 14734 | Volcano  | Gained mutation: You are weak. (Str -2) [a neqoxec]
 14752 | Volcano  | Slain by a red draconian

Illustrated notes

Levels and vault maps discovered:
D:1:      dpeg_arrival_prison, layout_loops_ring,
          ebering_ecumenical_altar_petrified
D:2:      layout_rooms, basic_altar
D:3:      layout_basic, nicolae_uskayaw_dance_hall,
          gammafunk_temple_overflow_wave, hangedman_decor_clover_reticule
D:4:      layout_rooms, serial_shops, shop
D:5:      layout_basic
D:6:      layout_basic, minmay_temple_entry_poolview, uniq_menkaure
D:7:      layout_cave_pools, enter_ossuary_5
D:8:      layout_loops_ring, general_overflow_altar,
          nicolae_overflow_two_pavilions, serial_shops,
          nicolae_shop_bloodbath_and_beyond
D:9:      layout_roguey, mainiacjoe_overflow_tiny_flanked,
          mainiacjoe_overflow_surrounded_room
D:10:     layout_gridville
D:11:     layout_loops_cross, erik_lair_orcish_takeover, nicolae_shop_self_help,
          uniq_harold, uniq_nergalle
Temple:   eino_temple_water
Lair:1:   layout_cave_pods, amcnicky_mini_pool_medium
Lair:2:   layout_regular_city, hellmonk_spider_entry_life_and_decay,
          grunt_megastairs_1, uniq_gastronok
Lair:3:   layout_big_grid, nicolae_swamp_entry_splash_gauntlet, enter_volcano_4,
          serial_bayou_shore_a
Volcano:  volcano_grotto [vgs_trial_by_fire]

Skill      XL: |  1  2  3  4  5  6  7  8  9 10 11 12 |
---------------+-------------------------------------+-----
Transmutations | 1 2 3 4 |  4.0
Earth Magic    | 4 5 6 7 9 10 12 14 15 16 | 16.6
Dodging        | 2 3 4 6 |  6.6
Stealth        | 3 4 |  4.0
Conjurations   | 1 2 4 5 6 |  6.6
Fighting       | 2 4 5 |  5.1
Maces & Flails | 1 3 4 |  4.0
Fire Magic     | 2 3 4 |  4.0
Ice Magic      | 2 3 4 |  4.0
Spellcasting   | 4 7 |  7.4

Action                   |  1- 3 |  4- 6 |  7- 9 | 10-12 || total
-------------------------+-------+-------+-------+-------++-------
Melee: Flail             |       |    29 |     7 |     1 ||    37
       Punch             |       |       |     1 |       ||     1
Throw: Dart              |       |       |     1 |    11 ||    12
 Cast: Sandblast         |    51 |   103 |   155 |   421 ||   730
       Petrify           |       |       |     1 |     7 ||     8
       Magic Dart        |       |       |       |    47 ||    47
       Foxfire           |       |       |       |     1 ||     1
       Hailstorm         |       |       |       |     3 ||     3
  Use: Scroll            |       |       |    19 |    12 ||    31
       Potion            |       |       |       |     4 ||     4
Armor: Robe              |     4 |    35 |    40 |       ||    79
       Steam dragon scal |       |       |       |   125 ||   125
       Leather armour    |       |       |       |    15 ||    15
Dodge: Dodged            |    12 |    50 |    77 |   234 ||   373
Block: Other             |       |       |    11 |    91 ||   102
       Reflection        |       |       |     2 |    10 ||    12
